cohdb
Replays
Latest Replays
All Replays
Popular Replays
Top Player Replays
Match Explorer
How It Works
Community
CoH3 Stats
Reddit
Sign in to upload your games and track your stats! →
Sign in with Steam
Match 35541427
Unlisted
Match 35541427
Overview
Messages
Build Orders
End
Construct Infanterie Kompanie
Kettenkrad Recon Vehicle
Selects Breakthrough Battlegroup
Selects Assault Grenadiers
MG 42 Machine Gun Team
Grenadier Squad
Grenadier Squad
Medical Station
Grenadier Squad
Construct Luftwaffe Kompanie
Selects Rapid Production
Selects Breakthrough
Jäger Squad
Support Elements
Wirbelwind Flakpanzer
Jäger Squad
Selects Mechanized Assault Group
Construct Panzergrenadier Kompanie
Jäger Squad
Pak 40 Anti-tank Gun Team
Construct Panzer Kompanie
Selects Blitzkrieg
MG 42 Machine Gun Team
Panzer IV Medium Tank
Breakthrough
Blitzkrieg
Panzer IV Medium Tank
Marder III M Tank Destroyer
Pak 40 Anti-tank Gun Team
Selects Tiger Heavy Tank
Atomic Floyd
deadsadbadmad
Macca
Korean of Heroes
0
0
Comments
sign in to comment!
No comments posted yet!